 Dungeon Crawl Stone Soup version 0.27.0-1-g7a089689b8 (webtiles) character file.

Game seed: 14089954363273120126

14 dtburroughs the Skirmisher (level 2, -1/28 HPs)
             Began as a Gargoyle Berserker on Aug 4, 2021.
             Was a Follower of Trog.
             Slain by a kobold (4 damage)
             ... on level 1 of the Dungeon.
             The game lasted 00:00:32 (421 turns).

dtburroughs the Skirmisher (Gargoyle Berserker)      Turns: 421, Time: 00:00:33

Health: -1/28      AC:  5    Str: 20    XL:     2   Next: 41%
Magic:  2/2        EV: 12    Int:  7    God:    Trog [*.....]
Gold:   0          SH:  0    Dex:  9    Spells: 1/1 levels left

rFire    . . .     SeeInvis .   a - +0 mace
rCold    . . .     Faith    .   (no shield)
rNeg     + . .     Spirit   .   b - +0 animal skin
rPois    ∞         Reflect  .   (no helmet)
rElec    +         Harm     .   (no cloak)
rCorr    .         Rampage  .   (no gloves)
Will     .....                  (no boots)
Stlth    ..........             (no amulet)
HPRegen  0.09/turn              (no ring)
MPRegen  0.08/turn              (no ring)

@: berserking, very quick
A: sickness immunity, AC +2, negative energy resistance 1, electricity
resistance, torment resistance 1, petrification resistance
a: Renounce Religion, Berserk


You were on level 1 of the Dungeon.
You worshipped Trog.
Trog was aware of your devotion.
You visited 1 branch of the dungeon, and saw 1 of its levels.

Inventory:

Hand Weapons
 a - a +0 mace (weapon)
Armour
 b - a +0 animal skin (worn)
Jewellery
 e - a ring of resist corrosion
Scrolls
 d - a scroll of immolation {unknown}
Potions
 c - 2 potions of heal wounds {unknown}


   Skills:
 + Level 3.5 Fighting
 + Level 3.1 Maces & Flails
 + Level 2.5 Armour
 + Level 1.8 Dodging


You had one spell level left.
You didn't know any spells.
Your spell library was empty.

Dungeon Overview and Level Annotations

Branches:
Dungeon (1/15)

Altars:


Innate Abilities, Weirdness & Mutations

You are immune to sickness and miasma.
Your stone body is resilient. (AC +2)
You are immune to poison.
You resist negative energy. (rN+)
You are resistant to electric shocks. (rElec)
You are resistant to unholy torment.
You are immune to petrification.


Message History

You see here a dart slug corpse.
e - a ring of resist corrosion A rat comes into view.
The rat misses you.
You barely miss the rat. The rat bites you but does no damage.
You closely miss the rat. The rat misses you. x2
You sock the rat!
You kill the rat!
Trog accepts your kill.
You see here a rat corpse.
Found a stone staircase leading down.
Found an escape hatch in the floor.
A ball python comes into view.
The ball python hisses angrily.
The ball python misses you. x2
The ball python bites you but does no damage.
The ball python grabs you. The ball python constricts you.
You hit the ball python.
You kill the ball python!
Trog accepts your kill.
You see here a ball python corpse.
You see here a ball python corpse.
A kobold comes into view.
It is wielding a +2 short sword of holy wrath.
The kobold shouts!
Found a dark potion.
You closely miss the kobold.
The kobold hits you with a +2 short sword of holy wrath.
You closely miss the kobold.
The kobold hits you with a +2 short sword of holy wrath!
You barely miss the kobold.
The kobold hits you with a +2 short sword of holy wrath.
* * * LOW HITPOINT WARNING * * *
The kobold hits you but does no damage.
You closely miss the kobold.
The kobold hits you with a +2 short sword of holy wrath.
* * * LOW HITPOINT WARNING * * *
A red film seems to cover your vision as you go berserk!
You feel yourself moving faster!
You feel mighty!
The kobold hits you with a +2 short sword of holy wrath.
You die...

#
............#.#########.#
#
########.#..#...........#
# #.################ # #
#....†........
...#.#..###########
..............#
......#.#####.#
......#.......#
.........@K.###
...#.............
##.########.#..!. # .#
### # . #


You could see a kobold.

Vanquished Creatures
  A dart slug (D:1)
  2 endoplasms (D:1)
  A giant cockroach (D:1)
  2 kobolds (D:1)
  2 ball pythons (D:1)
  2 bats (D:1)
  2 rats (D:1)
12 creatures vanquished.

Notes
Turn   | Place    | Note
-------+----------+-------------------------------------------
     0 | D:1      | dtburroughs the Gargoyle Berserker began the quest for the
                  | Orb.
     0 | D:1      | Reached XP level 1. HP: 14/14 MP: 1/1
   244 | D:1      | Reached XP level 2. HP: 19/19 MP: 2/2
   421 | D:1      | Slain by a kobold

Illustrated notes

Levels and vault maps discovered:
D:1:      dpeg_arrival_tiny_a, layout_basic, dilly_ecumenical_altar_fadedgnrine,
          kennysheep_pointless_box

Action                   || total
-------------------------++-------
Melee: Mace              ||    33
Invok: Berserk           ||     1
 Stab: Sleeping          ||     1
Armor: Animal skin       ||    12
Dodge: Dodged            ||    23
